 Dungeon Crawl Stone Soup version 0.25-a0-737-g26c3a87 (webtiles) character file.

Game seed: 13151848581007021007, levelgen mode: deterministic

1774 Atlas the Chiller (level 8, -8/57 HPs)
             Began as a Demonspawn Ice Elementalist on Apr 12, 2020.
             Killed from afar by a steam dragon (19 damage)
             ... with a ball of steam
             ... on level 5 of the Dungeon.
             The game lasted 00:08:19 (5200 turns).

Atlas the Chiller (Demonspawn Ice Elementalist)     Turns: 5200, Time: 00:08:20

Health: -8/57      AC:  8    Str:  9    XL:     8   Next: 80%
Magic:  11/14      EV: 13    Int: 19    God:
Gold:   98         SH:  0    Dex: 13    Spells: 8/15 levels left

rFire    x . .     SeeInvis .   D - +8 quarterstaff of Oco Cois {vorpal, rN+}
rCold    + . .     Gourm    .   (shield currently unavailable)
rNeg     + . .     Faith    .   l - +0 leather armour
rPois    .         Spirit   .   (no helmet)
rElec    .         Reflect  .   n - +1 cloak {MR+}
rCorr    .         Harm     .   t - +0 pair of gloves (curse)
MR       +....                  (no boots)
Stlth    +++.......             (no amulet)
HPRegen  0.19/turn              f - ring of ice
MPRegen  0.14/turn              (no ring)

@: no status effects
A: iridescent scales 1, nightstalker 1, spiny 1
a: no special abilities


You were on level 5 of the Dungeon.
You were not hungry.

You visited 1 branch of the dungeon, and saw 7 of its levels.

You collected 305 gold pieces.
You spent 207 gold pieces at shops.

Inventory:

Hand Weapons
 a - a +1 mace of protection
 D - the +8 quarterstaff of Oco Cois (weapon) {vorpal, rN+}
   (You bought it in a shop on level 4 of the Dungeon)

   It inflicts extra damage upon your enemies.
   It protects you from negative energy.
Missiles
 o - 8 curare-tipped darts (quivered)
Armour
 l - a +0 leather armour (worn)
 n - a +1 cloak of magic resistance (worn)
 t - a cursed +0 pair of gloves (worn)
Jewellery
 f - a ring of ice (left hand)
Wands
 q - a wand of random effects (21)
 s - a wand of flame (17)
Scrolls
 d - 2 scrolls of fog {unknown}
 h - 7 scrolls of identify {unknown}
 i - 9 scrolls of remove curse {unknown}
 k - 5 scrolls of teleportation {unknown}
 m - a scroll of amnesia {unknown}
 w - a scroll of enchant weapon {unknown}
 y - a scroll of enchant armour {unknown}
 C - a scroll of random uselessness {unknown}
Potions
 b - a potion of brilliance {unknown}
 e - a potion of flight {unknown}
 g - 2 potions of curing
 j - a potion of lignification {unknown}
 p - 3 potions of degeneration {unknown}
 r - a potion of haste {unknown}
 u - a potion of cancellation {unknown}
 v - a potion of ambrosia {unknown}
 x - a potion of resistance {unknown}
 z - 2 potions of mutation {unknown}
 A - a potion of stabbing {unknown}
Comestibles
 c - 10 rations
 B - 6 chunks of flesh


   Skills:
 + Level 2.7 Fighting
 + Level 4.8 Maces & Flails
 + Level 2.6 Armour
 + Level 3.7 Dodging
 + Level 4.2 Stealth
 + Level 0.5 Unarmed Combat
 + Level 4.2 Spellcasting
 + Level 0.2 Charms
 + Level 6.1 Ice Magic
 + Level 0.8 Evocations


You had 8 spell levels left.
You knew the following spells:

 Your Spells              Type           Power        Failure   Level  Hunger
a - Freeze                Ice            ####         1%          1    None
b - Frozen Ramparts       Ice            #####.       4%          3    ###....
c - Ozocubu's Armour      Chrm/Ice       ###.....     14%         3    ###....

Your spell library contained the following spells:

 Spells                   Type           Power        Failure   Level  Hunger
 Magic Dart               Conj           #...         19%         1    None
 Blink                    Tloc           N/A          28%         2    #......
 Call Imp                 Summ           #.......     28%         2    #......
 Slow                     Hex            #.......     28%         2    #......
 Hailstorm                Conj/Ice       ###.....     45%         4    ####...
 Summon Ice Beast         Ice/Summ       ###.....     45%         4    ####...
 Conjure Flame            Conj/Fire      #.......     50%         3    ###....
 Mephitic Cloud           Conj/Pois/Air  #.......     50%         3    ###....


Dungeon Overview and Level Annotations

Branches:
Dungeon (7/15)
 Temple: D:4-7

Altars:
Ashenzari
Dithmenos
Gozag
Ru
Yredelemnul

Shops:
D:4 (

Annotations:
D:4 1 runed translucent door, fooot's ghost, amateur OgHu


Innate Abilities, Weirdness & Mutations

You are partially covered in iridescent scales. (AC +2)
You are slightly more attuned to the shadows.
You are partially covered in sharp spines.


Message History

Confirm with . or Enter, or press ? or * to list all spells.
You feel a surge of power! A film of ice covers your body!
The steam dragon completely misses you. The steam dragon barely misses you.
The steam dragon is struck by your spines.
The steam dragon bites you but does no damage.
The steam dragon claws you.
Your icy armour cracks and falls away as you move.
The steam dragon breathes steam at you. The ball of steam hits you!!
The steam scalds you terribly! The steam dragon breathes steam at you.
The ball of steam hits you! The steam scalds you terribly!
* * * LOW HITPOINT WARNING * * *
Unknown command.
You feel better.
You are engulfed in a cloud of scalding steam.
* * * LOW HITPOINT WARNING * * *
The fungus is engulfed in a cloud of scalding steam. x2
The steam dragon breathes steam at you. The ball of steam hits you!!
The steam scalds you terribly!
You die...

##.###.# ###P..##
#..##.# #^P..≈≈##
##.##.###≈.....≈#
#.##.##P≈.....P#
#.##.##≈P......#
# #.##.# #≈..P≈.#
# #.##.# #^§DDP##
# ##'##.# ##§§P##
# #.....# #§@P# #
#.....# #§§≈# #
#.....# #§§.# #
#.....# #≈.^# #
#.....# #..≈#
#.....# ##.≈#
####..# #.≈# ##
#..# #.≈##
.#########.#
#...#


You could see 2 steam dragons.

Vanquished Creatures
  A hippogriff (D:7)
  Grinder (D:4)
  Sigmund (D:2)
  Duvessa (D:6)
  A phantom (D:4)
  An orc warrior (D:7)
  An ogre (D:7)
  A centaur (D:5)
  Dowan (D:6)
  2 scorpions
  5 wights (D:6)
  A howler monkey (D:4)
  A hound (D:7)
  A centaur zombie (D:5)
  An orc wizard (D:7)
  Crazy Yiuf (D:2)
  Terence (D:2)
  An iguana (D:4)
  Natasha (D:2)
  6 adders
  A shadow imp (D:7)
  An ooze (D:2)
  A worm (D:3)
  3 dart slugs
  3 leopard geckos
  15 orcs
  11 bats
  4 giant cockroaches
  3 hobgoblins (D:3)
  8 jackals
  5 quokkas
  A ball python (D:3)
  3 frilled lizards
  9 goblins
  5 kobolds
  9 rats
112 creatures vanquished.

Notes
Turn   | Place    | Note
-------+----------+-------------------------------------------
     0 | D:1      | Atlas the Demonspawn Ice Elementalist began the quest for
                  | the Orb.
     0 | D:1      | Reached XP level 1. HP: 13/13 MP: 3/3
   413 | D:1      | Reached skill level 4 in Ice Magic
   437 | D:1      | Gained mutation: You are slightly more attuned to the
                  | shadows. [demonic ancestry]
   437 | D:1      | Reached XP level 2. HP: 6/19 MP: 1/5
  1357 | D:2      | Noticed Natasha
  1362 | D:2      | Noticed a crimson imp
  1362 | D:2      | Killed Natasha
  1362 | D:2      | Gained mutation: You are partially covered in iridescent
                  | scales. (AC +2) [demonic ancestry]
  1362 | D:2      | Reached XP level 3. HP: 21/24 MP: 1/6
  1469 | D:2      | Noticed a scorpion
  1477 | D:2      | Killed a scorpion
  1477 | D:2      | Reached XP level 4. HP: 24/30 MP: 2/8
  1487 | D:2      | Learned a level 3 spell: Frozen Ramparts
  1491 | D:2      | Learned a level 3 spell: Ozocubu's Armour
  1552 | D:2      | Found a sacrificial altar of Ru.
  1552 | D:2      | Noticed Terence
  1559 | D:2      | Killed Terence
  1576 | D:2      | Found a basalt altar of Yredelemnul.
  1576 | D:2      | Found an opulent altar of Gozag.
  1826 | D:2      | Found a runed translucent door.
  1827 | D:2      | Noticed Crazy Yiuf
  1870 | D:2      | Gained mutation: You are partially covered in sharp spines.
                  | [demonic ancestry]
  1870 | D:2      | Reached XP level 5. HP: 34/35 MP: 7/9
  2035 | D:2      | Noticed Sigmund
  2294 | D:2      | Killed Sigmund
  2294 | D:2      | Reached skill level 5 in Ice Magic
  2294 | D:2      | Reached XP level 6. HP: 36/42 MP: 4/11
  2508 | D:2      | Killed Crazy Yiuf
  2508 | D:2      | Reached skill level 1 in Fighting
  2508 | D:2      | Reached skill level 1 in Maces & Flails
  2756 | D:3      | Found a shattered altar of Ashenzari.
  3612 | D:4      | Found a runed translucent door.
  3619 | D:4      | Noticed an orc warrior
  3634 | D:4      | Found Iqarox's Antique Weapon Shoppe.
  3991 | D:4      | Reached skill level 1 in Armour
  3991 | D:4      | Reached XP level 7. HP: 48/48 MP: 12/12
  3997 | D:4      | Noticed Grinder
  4006 | D:4      | Killed Grinder
  4159 | D:4      | You fall into a shaft and drop 3 floors!
  4212 | D:7      | Noticed a hippogriff
  4223 | D:7      | Killed a hippogriff
  4223 | D:7      | Reached XP level 8. HP: 33/55 MP: 10/13
  4492 | D:6      | Noticed Duvessa
  4492 | D:6      | Noticed Dowan
  4499 | D:6      | Killed Duvessa
  4505 | D:6      | Killed Dowan
  4721 | D:5      | Entered Level 5 of the Dungeon
  4750 | D:5      | Reached skill level 6 in Ice Magic
  4826 | D:5      | Found a shadowy altar of Dithmenos.
  5048 | D:4      | Noticed fooot's ghost (amateur OgHu)
  5081 | D:4      | Bought a crystal quarterstaff for 207 gold pieces
  5081 | D:4      | Identified the +8 quarterstaff of Oco Cois {vorpal, rN+}
                  | (You bought it in a shop on level 4 of the Dungeon)
  5200 | D:5      | Killed from afar by a steam dragon

Levels and vault maps discovered:
D:1:      dpeg_arrival_signposts, layout_basic, hangedman_decor_points
D:2:      layout_rooms, grunt_temple_overflow_open, first_ration,
          corexii_corridor_pit, uniq_crazy_yiuf_cottage, uniq_sigmund,
          uniq_natasha, uniq_terence
D:3:      kennysheep_six_static_rooms, layout_loops_corners,
          evilmike_ruin_ashenzari
D:4:      layout_gridville, ebering_ghost_inner_flame, serial_shops,
          kennysheep_little_box, uniq_grinder
D:5:      kennysheep_steamy, layout_basic, nicolae_overflow_crystal_walls,
          temple_fountains
D:6:      layout_gridville, lemuel_doored_altar, enter_ossuary_2,
          serial_bayou_lagoon_a, uniq_duvessa
D:7:      layout_cave_pods

Skill      XL: |  1  2  3  4  5  6  7  8 |
---------------+-------------------------+-----
Ice Magic      | 4 5 6 |  6.1
Dodging        | 2 3 |  3.7
Stealth        | 2 3 4 |  4.2
Spellcasting   | 3 4 |  4.2
Fighting       | 1 2 |  2.7
Maces & Flails | 2 3 4 |  4.8
Armour         | 1 2 |  2.6
Unarmed Combat | |  0.5
Charms         | |  0.2
Evocations     | |  0.8

Action                   |  1- 3 |  4- 6 |  7- 9 || total
-------------------------+-------+-------+-------++-------
Melee: Unarmed           |    38 |    15 |       ||    53
       Mace              |       |    91 |    76 ||   167
       Quarterstaff      |       |       |     7 ||     7
 Cast: Freeze            |    32 |    13 |     5 ||    50
       Frozen Ramparts   |       |     6 |     8 ||    14
       Ozocubu's Armour  |       |     2 |     3 ||     5
Evoke: Wand              |       |       |     5 ||     5
  Use: Potion            |       |       |     1 ||     1
 Stab: Sleeping          |       |    17 |     9 ||    26
       Distracted        |       |       |     1 ||     1
  Eat: Chunk             |     2 |     9 |     5 ||    16
Armor: Robe              |    31 |     4 |       ||    35
       Leather armour    |       |    35 |    33 ||    68
Dodge: Dodged            |    77 |    54 |    68 ||   199

Table legend:
 A = Non-vault XP
 B = Vault XP
 C = Vault XP percentage of total XP
 D = Non-vault monster count
 E = Vault monster count
 F = Vault count percentage of total count
                 A         B        C        D         E       F
            +---------+---------+-------+---------+---------+-------
      Total |    1670 |     865 |  34.1 |      99 |      13 |  11.6
            +---------+---------+-------+---------+---------+-------
        D:1 |      22 |       0 |   0.0 |      16 |       0 |   0.0
        D:2 |     110 |     350 |  76.1 |      15 |       4 |  21.1
        D:3 |      68 |      14 |  17.1 |      31 |       6 |  16.2
        D:4 |     280 |     262 |  48.3 |      11 |       1 |   8.3
        D:5 |     253 |       0 |   0.0 |      10 |       0 |   0.0
        D:6 |     317 |     239 |  43.0 |       7 |       2 |  22.2
        D:7 |     620 |       0 |   0.0 |       9 |       0 |   0.0
            +---------+---------+-------+---------+---------+-------
